 Dungeon Crawl Stone Soup version 0.31-a0-845-g9abc20d24f (webtiles) character file.

Game seed: 11292424192744961976

5847 Kurtz the Cleaver (level 10, -1/66 HPs)
             Began as an Octopode Fighter on Oct 1, 2023.
             Was an Initiate of Gozag.
             Slain by a wyvern (17 damage)
             ... on level 8 of the Dungeon.
             The game lasted 00:08:27 (6803 turns).

Kurtz the Cleaver (Octopode Fighter)                Turns: 6803, Time: 00:08:30

Health: -1/66      AC:  1    Str: 18      XL:     10   Next: 80%
Magic:  10/10      EV: 13    Int:  9 (11) God:    Gozag
Gold:   654        SH:  4    Dex: 10 (13) Spells: 9/9 levels left

rFire   . . .        F - +2 whip (elec)
rCold   . . .        b - +0 buckler
rNeg    . . .        (helmet restricted)
rPois   .            e - amulet of regeneration
rElec   .            D - ring of resist corrosion
rCorr   +            (no ring)
SInv    .            (no ring)
Will    .....        (no ring)
Stlth   ++++         (no ring)
HPRegen 1.11/turn    (no ring)
MPRegen 0.12/turn    (no ring)
                     (no ring)

%: no passive effects
@: brilliant, on berserk cooldown, slowed, very slow
A: almost no armour, amphibious, 8 rings, camouflage 1, gelatinous body 1,
(nimble swimmer 1), tentacles
a: Renounce Religion, Potion Petition, Call Merchant, Bribe Branch


You were on level 8 of the Dungeon.
You worshipped Gozag.
Gozag was pleased with you.
You visited 2 branches of the dungeon, and saw 9 of its levels.
You also visited: Ossuary.

You collected 739 gold pieces.
You paid 85 gold pieces to Gozag.

Inventory:

Hand Weapons
 a - a +0 war axe
 F - a +2 whip of electrocution (weapon)
Missiles
 H - a curare-tipped dart
Armour
 b - a +0 buckler (worn)
Jewellery
 e - an amulet of regeneration (around mantle)
 k - an amulet of faith
 o - an amulet of magic regeneration
 p - a ring of wizardry
 D - a ring of resist corrosion (left tentacle)
Talismans
 x - a beast talisman
Wands
 d - a wand of flame (1) (quivered)
 G - a wand of roots (6)
Scrolls
 f - 5 scrolls of teleportation {unknown}
 g - 2 scrolls of immolation {unknown}
 i - 2 scrolls of fear
 j - 2 scrolls of enchant armour {unknown}
 m - 2 scrolls of identify {unknown}
 q - 2 scrolls of vulnerability {unknown}
 u - 2 scrolls of noise {unknown}
 y - a scroll of butterflies {unknown}
 z - a scroll of blinking {unknown}
 A - a scroll of brand weapon {unknown}
Potions
 h - a potion of mutation {unknown}
 l - a potion of brilliance
 n - 2 potions of resistance {unknown}
 r - a potion of curing
 s - a potion of degeneration
 t - a potion of enlightenment {unknown}
 B - a potion of invisibility {unknown}
 C - a potion of heal wounds {unknown}
 E - a potion of cancellation {unknown}


   Skills:
 * Level 5.5 Fighting
 * Level 14.0 Axes
 - Level 3.0 Dodging
 + Level 5.9 Stealth
 * Level 4.7 Shields


You had 9 spell levels left.
You didn't know any spells.
Your spell library contained the following spells:

 Spells                   Type           Power      Damage    Failure   Level
 Sandblast                Erth           0%         2d4       45%         1
 Shock                    Conj/Air       0%         1d3       45%         1
 Passwall                 Tmut/Erth      0%         N/A       58%         2
 Scorch                   Fire           0%         2d5       58%         2
 Gell's Gravitas          Tloc           0%         N/A       83%         3
 Ignite Poison            Fire/Tmut/Pois 0%         N/A       83%         3
 Inner Flame              Hex/Fire       0%         N/A       83%         3
 Stone Arrow              Conj/Erth      0%         3d7       83%         3
 Swiftness                Air            0%         N/A       83%         3
 Teleport Other           Tloc           0%         N/A       83%         3
 Airstrike                Air            0%         2d(0-16)  99%         4
 Brom's Barrelling Bould  Conj/Erth      0%         2d3       99%         4
 Flame Wave               Conj/Fire      0%         2d4       99%         4
 Olgreb's Toxic Radiance  Pois           0%         N/A       99%         4
 Sticky Flame             Conj/Fire      0%         2d3       99%         4
 Dispersal                Tloc           0%         N/A       100%        6
 Summon Cactus Giant      Summ           0%         N/A       100%        6
 Discord                  Hex            0%         N/A       100%        8
 Ignition                 Fire           0%         3d3       100%        8


Dungeon Overview and Level Annotations

Branches:
Dungeon (8/15)             Temple (1/1) D:6         Ossuary (visited)
   Lair: D:8-11

Altars:
Ashenzari
Cheibriados
Dithmenos
Elyvilon
Fedhas
Gozag
Hepliaklqana
Kikubaaqudgha
Makhleb
Nemelex Xobeh
Okawaru
Qazlal
Ru
Sif Muna
Trog
Uskayaw
Vehumet
Wu Jian
Xom
Zin
The Shining One

Annotations:
D:3 3 runed translucent doors, hgbash's ghost, amateur DsIE; randomguy2701's ghost, amateur GnWn; ratmeat3's ghost, amateur OpBe; retardedninja's ghost, amateur GrFE
D:4 exclusion: downstairs


Innate Abilities, Weirdness & Mutations

You cannot wear most types of armour.
You are amphibious.
You can wear up to eight rings at the same time.
Your skin changes colour to match your surroundings (Stealth+).
Your rubbery body absorbs attacks. (AC +1, EV +1)
((You are camouflaged when in or above water. (Stealth+)))
You have tentacles for arms and can constrict up to eight enemies at once.


Message History

You completely miss the water moccasin. You squeeze the water moccasin.
The water moccasin is lightly wounded.
You constrict the water moccasin, but do no damage.
The water moccasin misses you.
You whack the water moccasin! You tentacle-slap the water moccasin.
You squeeze the water moccasin!
The water moccasin is almost dead.
You constrict the water moccasin.
The water moccasin completely misses you.
You thrash the water moccasin!!
You kill the water moccasin!
You barely miss the water moccasin. You grab the water moccasin.
You constrict the water moccasin. You hit the water moccasin.
Lightning courses through the water moccasin!
The water moccasin is severely wounded.
You constrict the water moccasin, but do no damage.
The water moccasin completely misses you.
You hit the water moccasin.
Lightning courses through the water moccasin!!
You kill the water moccasin!
You feel your strength returning.
A yak comes into view.
The yak bellows!
You see here 48 gold pieces.
You now have 654 gold pieces (gained 48).
You feel a strong urge to attack something.
A wyvern comes into view.
The wyvern hisses angrily.
You feel your anger nearly subside.
You are no longer berserk.
You are exhausted.
You feel yourself slow down.
It was a potion of brilliance.
You feel clever all of a sudden. The wyvern bites you.
* * * LOW HITPOINT WARNING * * *
The wyvern hisses menacingly.
The wyvern bites you!
You die...
Your body crumbles into a pile of gold.

#.#.)....#.#########♣.♣..P
#........#...........♣.P..
#...........######.♣......
#........#..######.l......
#.#......#.............Y$♣
#.#....####.####..........
#.####.# #.# #.#.#......
#.####.####.####.#.# ...♣.
#........>.@l....#.# ....
######.####.######.# ♣..
#.# #.# #.# . #.# #.# #..
#.# #.# ... #.# #.. #.#
#.# #.# #.# #.# #.# #


You could see a wyvern.

Vanquished Creatures
  A two-headed ogre (D:8)
  Erica (D:8)
  Pikel (D:7)
  2 wyverns (D:8)
  A basilisk (D:8)
  A steam dragon (D:8)
  6 water moccasins
  2 centaurs
  3 lemures
  A phantom (D:5)
  2 kobold brigands (D:8)
  3 bullfrogs
  7 scorpions
  A water moccasin zombie (Ossuary)
  4 wights (D:7)
  9 killer bees
  3 howler monkeys (D:7)
  5 bullfrog zombies (Ossuary)
  A centaur zombie (Ossuary)
  3 hounds
  2 human zombies (Ossuary)
  A gnoll bouda (D:7)
  4 orc priests
  5 iguanas
  6 orc wizards
  Natasha (thrice) (D:4)
  2 scorpion zombies (Ossuary)
  A mummy (Ossuary)
  10 gnolls
  11 adders
  A shadow imp (D:6)
  2 ufetubi
  4 adder zombies (Ossuary)
  2 worms
  2 dart slugs
  34 orcs
  5 bats
  4 giant cockroaches
  6 goblins
  8 hobgoblins
  6 jackals
  16 kobolds
  6 quokkas
  11 ball pythons
  6 frilled lizards
  4 gnoll zombies (Ossuary)
  4 hobgoblin zombies (Ossuary)
  4 orc zombies
  6 rats
233 creatures vanquished.

Notes
Turn   | Place    | Note
-------+----------+-------------------------------------------
     0 | D:1      | Kurtz the Octopode Fighter began the quest for the Orb.
     0 | D:1      | Reached XP level 1. HP: 16/16 MP: 1/1
   216 | D:1      | Reached XP level 2. HP: 21/21 MP: 2/2
   296 | D:1      | Reached skill level 3 in Axes
   465 | D:1      | Reached XP level 3. HP: 26/26 MP: 3/3
   703 | D:2      | Reached skill level 4 in Axes
   826 | D:2      | Reached XP level 4. HP: 31/31 MP: 4/4
  1030 | D:3      | Found a runed translucent gate.
  1030 | D:3      | Found a runed translucent gate.
  1032 | D:3      | Found a runed translucent gate.
  1033 | D:3      | Noticed hgbash's ghost (amateur DsIE)
  1033 | D:3      | Noticed retardedninja's ghost (amateur GrFE)
  1034 | D:3      | Noticed randomguy2701's ghost (amateur GnWn)
  1036 | D:3      | Noticed ratmeat3's ghost (amateur OpBe)
  1281 | D:3      | Reached skill level 5 in Axes
  1281 | D:3      | Reached XP level 5. HP: 13/36 MP: 5/5
  1318 | D:3      | Found a faded altar of an unknown god.
  2235 | D:4      | Reached skill level 6 in Axes
  2263 | D:4      | Reached XP level 6. HP: 42/42 MP: 6/6
  2425 | D:4      | Noticed Natasha
  2433 | D:4      | Killed Natasha
  2738 | D:4      | Noticed Natasha
  2742 | D:4      | Killed Natasha
  2743 | D:4      | Reached skill level 7 in Axes
  2815 | D:4      | Noticed Natasha
  2822 | D:4      | Killed Natasha
  2831 | D:5      | Entered Level 5 of the Dungeon
  2831 | D:5      | Noticed a water moccasin
  2863 | D:5      | Noticed a water moccasin
  2925 | D:4      | Reached XP level 7. HP: 42/46 MP: 7/7
  2953 | D:5      | Found a sand-covered staircase.
  2964 | Ossuary  | Entered an ossuary
  3005 | Ossuary  | Reached skill level 8 in Axes
  3098 | Ossuary  | Reached skill level 9 in Axes
  3098 | Ossuary  | Reached XP level 8. HP: 31/52 MP: 8/8
  3176 | Ossuary  | Noticed a silent spectre
  3342 | D:5      | HP: 2/52 [iguana (15)]
  3346 | D:5      | Reached skill level 10 in Axes
  3552 | D:5      | Reached skill level 11 in Axes
  4495 | D:6      | Reached XP level 9. HP: 56/56 MP: 9/9
  4707 | D:6      | Reached skill level 12 in Axes
  4834 | D:6      | Found a staircase to the Ecumenical Temple.
  4897 | Temple   | Entered the Ecumenical Temple
  4928 | Temple   | Became a worshipper of Gozag Ym Sagoz the Greedy
  5200 | D:7      | Noticed Pikel
  5497 | D:7      | Found a sparkling altar of Nemelex Xobeh.
  5750 | D:7      | Reached skill level 1 in Stealth
  5920 | D:7      | Killed Pikel
  5921 | D:7      | Reached skill level 13 in Axes
  5921 | D:7      | Reached XP level 10. HP: 40/63 MP: 10/10
  6345 | D:8      | Noticed Erica
  6352 | D:8      | Killed Erica
  6482 | D:8      | Noticed a two-headed ogre
  6497 | D:8      | HP: 1/65 [two-headed ogre/+0 giant club (16)]
  6499 | D:8      | Killed a two-headed ogre
  6500 | D:8      | Reached skill level 5 in Stealth
  6667 | D:8      | Reached skill level 5 in Fighting
  6786 | D:8      | Reached skill level 14 in Axes
  6803 | D:8      | Slain by a wyvern

Illustrated notes

Levels and vault maps discovered:
D:1:      zaba_arrival_water, layout_basic
D:2:      layout_rooms
D:3:      layout_basic, dreamdust_ecumenical_altar_angels_and_demons,
          gammafunk_ghost_cemetery, amcnicky_mini_pool_small
D:4:      layout_loops_cross, corner_web_ring, minmay_diced_spiral, uniq_natasha
D:5:      layout_layer_cave, enter_ossuary_3, nicolae_half_adder
D:6:      layout_rooms, minmay_temple_entry_sparse_star
D:7:      layout_loops_cross, mainiacjoe_overflow_paths, uniq_pikel
D:8:      layout_loops_ring, nicolae_yredelemnul_ghost_church,
          minmay_lair_entry_grove, uniq_erica
Temple:   mainiacjoe_temple_big_plus

Skill      XL: |  1  2  3  4  5  6  7  8  9 10 |
---------------+-------------------------------+-----
Axes           | 3 4 5 6 7 9 11 13 14 | 14.0
Stealth        | 2 5 |  5.9
Fighting       | 5 |  5.5
Shields        | 4 |  4.7
Dodging        | |  3.0

Action                     |  1- 3 |  4- 6 |  7- 9 | 10-12 || total
---------------------------+-------+-------+-------+-------++-------
  Melee: War axe           |    62 |   116 |   290 |    22 ||   490
         Constrict         |    22 |    24 |    61 |    23 ||   130
         Tentacles         |    12 |    17 |    65 |    19 ||   113
         Punch             |       |       |     8 |     2 ||    10
         Whip              |       |       |       |    77 ||    77
  Throw: Throwing net      |       |       |       |     1 ||     1
  Evoke: Wand              |       |       |     8 |     5 ||    13
    Use: Scroll            |       |     3 |       |       ||     3
         Potion            |       |       |     4 |     6 ||    10
   Stab: Sleeping          |     7 |     8 |     6 |     3 ||    24
         Distracted        |       |     1 |     4 |     1 ||     6
 Armour: Skin              |    25 |    74 |   182 |    42 ||   323
  Dodge: Dodged            |    55 |    80 |   161 |    40 ||   336
  Block: Buckler           |    20 |    21 |    50 |    16 ||   107

Table legend: (Time is in decaauts)
 A = Elapsed time spent in this place.
 B = Non-inter-level travel time spent in this place.
 C = Inter-level travel time spent in this place.
 D = Time resting spent in this place.
 E = Time spent auto-exploring this place.
 F = Levels seen in this place.
 G = Mean time per level.
                   A        B        C        D        E       F      G
               +--------+--------+--------+--------+--------+-----+--------+
         Total |   6830 |   6313 |    517 |    634 |   4135 |  10 |  683.0 |
       Dungeon |   6484 |   6027 |    457 |    573 |   4040 |   8 |  810.5 |
        Temple |     61 |      1 |     60 |      0 |      0 |   1 |   61.0 |
       Ossuary |    284 |    284 |      0 |     61 |     95 |   1 |  284.0 |
               +--------+--------+--------+--------+--------+-----+--------+

Top non-repeatable levels by time:
     D:7: 1315 daAuts
     D:5: 1299 daAuts
     D:3: 985 daAuts
     D:4: 976 daAuts
     D:1: 618 daAuts
     D:8: 458 daAuts
     D:2: 426 daAuts
     D:6: 405 daAuts
 Ossuary: 284 daAuts
  Temple: 61 daAuts
